AoeStats
← [Massa] Edo

Enclosed

503951862Analyzed
2v2 RM · 29d ago on Sep 3, 2026· 39m 51s· 4 players
Game mode
Random Map
Map size
Medium (4 player)
Population
200
Speed
Normal
Resources
Standard
Victory
Conquest
Starting age
Dark Age
Ending age
Imperial Age
RankedLock teamsTeams togetherTeam positionsShared explorationLock speedFull tech treeHidden civsTurbo modeCheats
Victory
Defeat
🇺🇸 Jurchens · United States
1408
+18
🇺🇸 Khmer · United States
1408
+18
🇧🇷 Persians · Brazil
1469
-18
🇧🇷 Japanese · Brazil
1454
-18
1PONY
6:06 Loom
8:52 Feudal Age
9:38 Double-Bit Axe
10:08 Town Watch
15:09 Horse Collar
16:36 Wheelbarrow
22:21 Castle Age
21:08 Forging
22:27 Scale Barding Armor
22:38 Bloodlines
23:20 Gold Mining
24:25 Husbandry
30:01 Bow Saw
33:38 Imperial Age
31:44 Ballistics
33:11 Siege Engineers
33:36 Padded Archer Armor
35:59 Leather Archer Armor
37:58 Hand Cart
syrinx2112
7:39 Feudal Age
5:55 Loom
9:06 Town Watch
20:07 Fletching
33:21 Double-Bit Axe
33:32 Horse Collar
40:32 Castle Age
40:17 Stone Mining
[Massa] Edo
4:58 Loom
7:44 Feudal Age
8:06 Double-Bit Axe
33:27 Castle Age
34:16 Horse Collar
39:40 Scale Barding Armor
tg
7:04 Loom
9:05 Feudal Age
9:42 Man-at-Arms
15:03 Fletching
20:59 Castle Age
18:55 Arson
19:42 Horse Collar
20:53 Scale Mail Armor
20:54 Padded Archer Armor
21:38 Bodkin Arrow
21:34 Double-Bit Axe
24:10 Gold Mining
24:45 Husbandry
30:29 Ballistics
30:32 Bow Saw
30:59 Heavy Plow
31:35 Wheelbarrow
32:41 Thumb Ring
33:12 Leather Archer Armor
33:04 Town Watch
35:52 Hand Cart
38:59 Imperial Age
Connection lost

Rejoining the realm…

Still unreachable

The connection could not be restored.

Session expired

The server has moved on; the page needs a fresh start.